 Dungeon Crawl Stone Soup version 0.14-a0-817-g3f7b0b1 (webtiles) character file.

582 PolkaDot the Vexing (level 6, -4/41 HPs)
             Began as a Vampire Enchanter on Nov 12, 2013.
             Was an Initiate of Ashenzari.
             Slain by Prince Ribbit (12 damage)
             ... on Level 4 of the Dungeon.
             The game lasted 00:21:25 (3162 turns).

PolkaDot the Vexing (Vampire Enchanter)             Turns: 3162, Time: 00:21:26

HP  -4/41        AC  3     Str  7      XL: 6   Next: 69%
MP   1/10        EV 13     Int 17      God: Ashenzari [......]
Gold 144         SH  0     Dex 16      Spells:  2 memorised,  3 levels left

Res.Fire  : . . .   See Invis. : +   a - +1 dagger (curse)
Res.Cold  : . . .   Warding    : .   b - +1 robe
Life Prot.: . . .   Conserve   : .   (no shield)
Res.Poison: .       Res.Corr.  : .   (no helmet)
Res.Elec. : .       Clarity    : .   (no cloak)
Sust.Abil.: . .     Spirit.Shd : .   (no gloves)
Res.Mut.  : .       Stasis     : +   (no boots)
Res.Rott. : .       Flight     : .   k - amulet of stasis {unknown}
Saprovore : . . .                    (no ring)
                                     (no ring)

@: regenerating quickly, slightly resistant to hostile enchantments, quite
stealthy
A: bottle blood, fangs 3, see invisible, unbreathing
a: Bottle Blood, Renounce Religion


You were on level 4 of the Dungeon.
You worshipped Ashenzari.
Ashenzari was noncommittal.
You were full.

You visited 2 branches of the dungeon, and saw 5 of its levels.

You collected 144 gold pieces.

Inventory:

Hand weapons
 a - a cursed +1,+1 dagger (weapon)
Missiles
 d - 12 darts (quivered)
Armour
 b - a +1 robe (worn)
Scrolls
 g - 11 scrolls of identify {unknown}
 i - 4 scrolls of remove curse
 p - a scroll of magic mapping
 s - a scroll of amnesia {unknown}
 t - a scroll of enchant weapon II {unknown}
Jewellery
 k - an amulet of stasis (around neck) {unknown}
 r - a cursed ring of teleportation
Books
 c - a book of Maledictions

   Spells                             Type                      Level
   *Corona                            Hexes                        1
   Sure Blade                         Hexes/Charms                 2
   Ensorcelled Hibernation            Hexes/Ice                    2
   *Confuse                           Hexes                        3
   Enslavement                        Hexes                        4
   Invisibility                       Hexes                        6
 q - a book of Debilitation

   Spells                             Type                      Level
   *Corona                            Hexes                        1
   Slow                               Hexes                        2
   Inner Flame                        Hexes/Fire                   3
   Enslavement                        Hexes                        4
   Cause Fear                         Hexes                        4
   Leda's Liquefaction                Hexes/Earth                  4


   Skills:
 + Level 4.6 Short Blades
 - Level 0.7 Throwing
 - Level 2.1 Dodging
 + Level 5.8 Stealth
 - Level 1.0 Spellcasting
 * Level 7.8 Hexes


You had 3 spell levels left.
You knew the following spells:

 Your Spells              Type           Power        Failure   Level  Hunger
A - Corona                Hex            ####...      1%          1    ##.....
C - Confuse               Hex            ####....     2%          3    ####...


Dungeon Overview and Level Annotations

Branches:
Dungeon (4/27)             Temple (1/1) D:4

Altars:
Ashenzari
Cheibriados
Elyvilon
Fedhas
Kikubaaqudgha
Makhleb
Nemelex Xobeh
Okawaru
Sif Muna
Trog
Xom
Yredelemnul
Zin
the Shining One

Shops:
D:4 /

Annotations:
D:4 Prince Ribbit


Innate Abilities, Weirdness & Mutations

Your natural rate of healing is unusually fast.
You can bottle blood from corpses.
You have razor-sharp teeth.*
You have supernaturally acute eyesight.
You can survive without breathing.*


Message History

It was a scroll of fear.
Prince Ribbit hits you.
* * * LOW HITPOINT WARNING * * *
Read which item? (? for menu, Esc to quit)
As you read the scroll labeled CHOOSULAVVU, it crumbles to dust.
You hear a loud clanging noise!
It was a scroll of noise.
Prince Ribbit blinks!
Read which item? (? for menu, Esc to quit)
Okay, then.
Prince Ribbit blinks!
Read which item? (? for menu, Esc to quit)
As you read the scroll labeled QOFFAI THRUMN, it crumbles to dust.
Use on which item? (\ to view known items) (? for menu, Esc to quit)
Nothing appears to happen.
Prince Ribbit barely misses you.
Read which item? (? for menu, Esc to quit)
As you read the scroll labeled SIXIOBIARCH, it crumbles to dust.
You feel aware of your surroundings.
It was a scroll of magic mapping.
Prince Ribbit barely misses you.
Prince Ribbit croaks regally.
Prince Ribbit hits you!
You die...

####.##### ##.# #....# #.# #.####
### ######'###### #
##'#########ยง# #...........## #
#......>..##8# #...........'. #
###.........##.###...........#,
###.'.........##...+...........#,
()..#.........+.F###...........#,
#####.........##@# #...........#*
# #.........##.# #############
############8# #.# ###


You could see Prince Ribbit.

Vanquished Creatures
  An orc warrior (D:4)
  An iguana (D:4)
  A hound (D:4)
  2 orc wizards (D:4)
  A scorpion (D:4)
  3 worker ants (D:4)
  Jessica (D:3)
  A gnoll (D:3)
  3 adders
  2 worms
  An adder skeleton (D:4)
  4 giant geckos (D:2)
  19 orcs
  2 ball pythons
  7 bats
  A bat skeleton (D:4)
  2 giant cockroaches (D:2)
  6 goblins
  2 hobgoblins
  5 jackals
  4 training dummies (D:2)
  2 giant newts
  9 kobolds
  A kobold skeleton (D:4)
  5 rats
86 creatures vanquished.

Notes
Turn   | Place    | Note
--------------------------------------------------------------
     0 | D:1      | PolkaDot, the Vampire Enchanter, began the quest for the Orb.
     0 | D:1      | Reached XP level 1. HP: 13/13 MP: 4/4
   363 | D:1      | Reached XP level 2. HP: 14/19 MP: 5/5
   783 | D:2      | Reached XP level 3. HP: 12/24 MP: 6/6
   918 | D:2      | Found an iron altar of Okawaru.
  1312 | D:3      | Noticed Jessica
  1316 | D:3      | Killed Jessica
  1316 | D:3      | Reached skill level 5 in Hexes
  1316 | D:3      | Reached XP level 4. HP: 30/30 MP: 8/8
  1321 | D:3      | Learned a level 3 spell: Confuse
  1415 | D:3      | HP: 1/30 [orc/orcish dagger (1)]
  1945 | D:4      | Reached XP level 5. HP: 30/35 MP: 9/9
  1984 | D:4      | Reached skill level 6 in Hexes
  2109 | D:4      | Found a bloodstained altar of Trog.
  2110 | D:4      | Found a deep blue altar of Sif Muna.
  2148 | D:4      | Found a staircase to the Ecumenical Temple.
  2152 | Temple   | Entered the Ecumenical Temple
  2245 | Temple   | Became a worshipper of Ashenzari the Shackled
  2313 | D:4      | Reached skill level 5 in Stealth
  2635 | D:4      | Reached XP level 6. HP: 38/41 MP: 6/10
  2644 | D:4      | Reached skill level 7 in Hexes
  2716 | D:4      | Noticed an orc warrior
  2726 | D:4      | Killed an orc warrior
  2987 | D:4      | Found Feneogat's Magical Wand Emporium.
  2995 | D:4      | Noticed Prince Ribbit
  3162 | D:4      | Slain by Prince Ribbit

Action                   |  1- 3 |  4- 6 || total
-------------------------+-------+-------++-------
Melee: Dagger            |   148 |   261 ||   409
 Cast: Confuse           |       |    29 ||    29
  Use: Potion            |       |     6 ||     6
       Scroll            |       |     5 ||     5
 Stab: Sleeping          |     7 |     8 ||    15
       Confused          |       |    12 ||    12
